 Dungeon Crawl Stone Soup version 0.29-a0-322-g68df515428 (webtiles) character file.

Game seed: 9427535218519928212

156 jdsmith2816 the Chopper (level 5, 29/46 HPs)
             Began as a Deep Dwarf Fighter on Apr 9, 2022.
             Quit the game on level 3 of the Dungeon.
             The game lasted 00:07:01 (1545 turns).

jdsmith2816 the Chopper (Deep Dwarf Fighter)        Turns: 1545, Time: 00:07:02

Health: 29/46      AC:  6    Str: 20    XL:     5   Next: 14%
Magic:  3/3        EV:  9    Int: 10    God:
Gold:   99         SH:  5    Dex: 12    Spells: 4/4 levels left

rFire   . . .      SeeInvis .   a - +0 war axe
rCold   . . .      Faith    .   c - +0 buckler
rNeg    . . .      Spirit   .   b - +0 scale mail
rPois   .          Reflect  .   (no helmet)
rElec   .          Harm     .   (no cloak)
rCorr   .          Rampage  .   (no gloves)
Will    .....                   (no boots)
Stlth   ..........              (no amulet)
HPRegen 0.00/turn               Y - +4 ring of slaying
MPRegen 0.08/turn               (no ring)

@: mighty
A: damage resistance, heal wounds, sense surroundings 1, no regeneration
a: Heal Wounds


You were on level 3 of the Dungeon.
You visited 1 branch of the dungeon, and saw 3 of its levels.

You collected 99 gold pieces.


Innate Abilities, Weirdness & Mutations

You are resistant to damage.
You can heal yourself by infusing magical energy.
You passively map a small area around you.
You do not regenerate.


   Skills:
 - Level 2.6 Fighting
 * Level 5.0 Axes
 - Level 3.2 Armour
 + Level 4.5 Shields


You had 4 spell levels left.
You didn't know any spells.
Your spell library contained the following spells:

 Spells                   Type           Power      Damage    Failure   Level
 Freeze                   Ice            0%         1d3       80%         1
 Pain                     Necr           0%         1d4       80%         1
 Shock                    Conj/Air       0%         1d3       80%         1

Inventory:

Hand Weapons
 a - a +0 war axe (weapon)
Missiles
 i - 94 stones (quivered)
 p - 4 javelins
Armour
 b - a +0 scale mail (worn)
 c - a +0 buckler (worn)
 q - a +0 helmet
 u - a +1 hat
Jewellery
 Y - a +4 ring of slaying (left hand)
Scrolls
 g - 3 scrolls of vulnerability {unknown}
 h - a scroll of summoning {unknown}
 k - 4 scrolls of identify {unknown}
 l - a scroll of silence {unknown}
 r - a scroll of torment {unknown}
 s - a scroll of amnesia {unknown}
 t - a scroll of blinking {unknown}
Potions
 e - 2 potions of curing {unknown}
 f - a potion of ambrosia {unknown}
 j - 4 potions of lignification {unknown}
 m - a potion of mutation {unknown}
 n - a potion of invisibility {unknown}
 o - a potion of degeneration {unknown}

Dungeon Overview and Level Annotations

Branches:
Dungeon (3/15)

Altars:

Shops:
D:3

? ####.## *, , ###....# * * *
** ###...#### #.# ##...### ..*
#..### #.########## ###.##
##..#........# ....#
#..*#........# ##### #.#
#........#
############.###@.......####
...........†...........#...#
#####.##########.......#≈≈≈≈≈≈#
#.# #.......#...#### #.#
##..†.......## #.#
#..........## #####.#
#.########## #.....# *#.
⌠.⌠#### * ..


There were no monsters in sight!


Message History

a jackal corpse; a jackal corpse
Found a glowing tourmaline ring.
Found First Steps in Thaumaturgy.
You now have 99 gold pieces (gained 5).
You pick up First Steps in Thaumaturgy and begin reading...
You add the spells Shock, Freeze and Pain to your library.
Y - a +4 ring of slaying
Y - a +4 ring of slaying (left hand)
A black bear comes into view.
Okay, then.
You aren't carrying any items that you can evoke.
You feel very mighty all of a sudden. The black bear bites you.
The black bear barely misses you. You block the black bear's attack.
You barely miss the black bear. The black bear bites you.
The black bear barely misses you. x2
You slice the black bear!!
The black bear is severely wounded.
The black bear bites you but does no damage.
The black bear claws you.
The black bear claws you but does no damage.
You slash the black bear!
You kill the black bear!
Your Axes skill increases to level 5!
You have reached level 4!
You feel stronger.
You have reached level 5!
You see here a black bear corpse.
There is a stone staircase leading up here.
Are you sure you want to abandon this character and quit the game? (Confirm with "yes".)

Skill      XL: |  1  2  3 |
---------------+----------+-----
Axes           | 3 5 |  5.0
Shields        | 4 |  4.5
Fighting       | |  2.6
Armour         | |  3.2

Action                   |  1- 3 |  4- 6 || total
-------------------------+-------+-------++-------
Melee: War axe           |   121 |       ||   121
Throw: Stone             |     7 |       ||     7
 Abil: Heal Wounds       |     2 |       ||     2
  Use: Potion            |     1 |       ||     1
Armor: Scale mail        |    53 |       ||    53
Dodge: Dodged            |    67 |       ||    67
Block: Buckler           |    35 |       ||    35

Levels and vault maps discovered:
D:1:      minmay_arrival_semitransparent, layout_loops_ring,
          shapermc_ecumenical_altar_pompeii, chequers_serial_rivers_micro_b
D:2:      layout_rooms, kennysheep_generic_room_12
D:3:      layout_rooms, serial_shops, shop_fountains,
          chequers_serial_rivers_micro_b

Notes
Turn   | Place    | Note
-------+----------+-------------------------------------------
     0 | D:1      | jdsmith2816 the Deep Dwarf Fighter began the quest for the
                  | Orb.
     0 | D:1      | Reached XP level 1. HP: 20/20 MP: 1/1
   428 | D:1      | Reached XP level 2. HP: 25/27 MP: 2/2
   589 | D:1      | Found a faded altar of an unknown god.
   691 | D:2      | Reached skill level 3 in Axes
   892 | D:2      | Reached XP level 3. HP: 26/33 MP: 2/2
  1425 | D:3      | Reached skill level 4 in Shields
  1456 | D:3      | Found Gaesihog's Magic Scroll Shoppe.
  1486 | D:3      | Reached skill level 4 in Axes
  1517 | D:3      | Got First Steps in Thaumaturgy
  1532 | D:3      | Noticed a black bear
  1539 | D:3      | Killed a black bear
  1540 | D:3      | Reached skill level 5 in Axes
  1540 | D:3      | Reached XP level 4. HP: 26/40 MP: 2/2
  1540 | D:3      | Reached XP level 5. HP: 29/46 MP: 3/3
  1545 | D:3      | Quit the game

Vanquished Creatures
  A black bear (D:3)
  An adder (D:3)
  4 worms
  A dart slug (D:2)
  5 ball pythons
  6 bats
  An endoplasm (D:2)
  A giant cockroach (D:2)
  2 goblins
  2 hobgoblins
  8 jackals
  A frilled lizard (D:2)
  3 kobolds
  4 rats
40 creatures vanquished.

Table legend: (Time is in decaauts)
 A = Elapsed time spent in this place.
 B = Non-inter-level travel time spent in this place.
 C = Inter-level travel time spent in this place.
 D = Time resting spent in this place.
 E = Time spent auto-exploring this place.
 F = Levels seen in this place.
 G = Mean time per level.
                   A        B        C        D        E       F      G
               +--------+--------+--------+--------+--------+-----+--------+
         Total |   1591 |   1475 |    116 |    100 |   1022 |   3 |  530.3 |
       Dungeon |   1591 |   1475 |    116 |    100 |   1022 |   3 |  530.3 |
               +--------+--------+--------+--------+--------+-----+--------+

Top non-repeatable levels by time:
     D:1: 649 daAuts
     D:2: 551 daAuts
     D:3: 390 daAuts

Table legend:
 A = Non-vault XP
 B = Vault XP
 C = Vault XP percentage of total XP
 D = Non-vault monster count
 E = Vault monster count
 F = Vault count percentage of total count
                 A         B        C        D         E       F
            +---------+---------+-------+---------+---------+-------
      Total |     217 |       6 |   2.7 |      38 |       2 |   5.0
            +---------+---------+-------+---------+---------+-------
        D:1 |      13 |       0 |   0.0 |       8 |       0 |   0.0
        D:2 |      30 |       6 |  16.7 |      15 |       2 |  11.8
        D:3 |     174 |       0 |   0.0 |      15 |       0 |   0.0
            +---------+---------+-------+---------+---------+-------
